 Dungeon Crawl Stone Soup version 0.32-a0-18-g89e19f1974 (webtiles) character file.

Game seed: 4970253676517136808

1470 zenocrate the Sneak (level 8, 0/37 HPs)
             Began as a Vine Stalker Enchanter on Jan 16, 2024.
             Was an Initiate of Gozag.
             Shot with an arrow by a centaur (2 damage)
             ... on level 6 of the Dungeon.
             The game lasted 00:11:26 (5939 turns).

zenocrate the Sneak (Vine Stalker Enchanter)        Turns: 5939, Time: 00:11:27

Health: 0/37       AC:  4    Str: 10    XL:     8   Next: 78%
Magic:  0/12       EV: 13    Int: 15    God:    Gozag
Gold:   362        SH:  0    Dex: 18    Spells: 3/11 levels left

rFire   . . .        a - +2 short sword (elec)
rCold   . . .        (no shield)
rNeg    + . .        x - +1 leather armour {rPois}
rPois   +            (no helmet)
rElec   .            (no cloak)
rCorr   .            (no gloves)
SInv    .            (no boots)
Will    +....        (no amulet)
Stlth   ++++         s - ring of positive energy
HPRegen 1.06/turn    (no ring)
MPRegen 0.13/turn

%: guardian spirit
@: invisible
A: fangs 3, regeneration 1, magic shield, antimagic bite, no potion heal 2
a: Renounce Religion, Potion Petition, Call Merchant, Bribe Branch


You were on level 6 of the Dungeon.
You worshipped Gozag.
Gozag was aware of your devotion.
You visited 2 branches of the dungeon, and saw 7 of its levels.

You collected 681 gold pieces.
You paid 319 gold pieces to Gozag.

Inventory:

Hand Weapons
 a - a +2 short sword of electrocution (weapon)
 b - the +8 dagger "Notidu" {heavy, Int+4 Dex+2}
   (You found it on level 6 of the Dungeon)

   Int+4:     It affects your intelligence (+4).
   Dex+2:     It affects your dexterity (+2).
 p - a +1 dagger of speed
 A - a +3 dagger
Missiles
 y - 5 boomerangs (quivered)
Armour
 x - a +1 leather armour of poison resistance (worn)
Jewellery
 r - a ring of fire
 s - a ring of positive energy (left hand)
Wands
 t - a wand of iceblast (23)
Scrolls
 d - a scroll of silence
 e - 2 scrolls of amnesia
 f - a scroll of enchant armour {unknown}
 j - a scroll of noise {unknown}
 l - a scroll of fog {unknown}
 m - 2 scrolls of revelation
 n - a scroll of enchant weapon {unknown}
 q - a scroll of teleportation {unknown}
 v - 3 scrolls of vulnerability
 w - a scroll of immolation {unknown}
 B - a scroll of brand weapon {unknown}
Potions
 c - a potion of invisibility
 h - a potion of haste
 i - 2 potions of curing
 o - 2 potions of brilliance
 u - a potion of might


   Skills:
 - Level 1.4 Fighting
 + Level 4.1 Short Blades
 + Level 4.0 Dodging
 + Level 7.1 Stealth
 - Level 2.1 Spellcasting
 + Level 6.4 Hexes
 - Level 3.0 Ice Magic


You had 3 spell levels left.
You knew the following spells:

 Your Spells              Type           Power      Damage    Failure   Level
a - Ensorcelled Hibernat  Hex/Ice        30%        N/A       6%          2
b - Confusing Touch       Hex            21%        N/A       6%          3
c - Tukima's Dance        Hex            21%        N/A       6%          3

Your spell library contained the following spells:

 Spells                   Type           Power      Damage    Failure   Level
 Dazzling Flash           Conj/Hex       22%        N/A       24%         3
 Summon Small Mammal      Summ           4%         N/A       30%         1
 Call Canine Familiar     Summ           1%         N/A       65%         3
 Summon Blazeheart Golem  Fire/Summ      1%         N/A       96%         4


Dungeon Overview and Level Annotations

Branches:
Dungeon (6/15)             Temple (1/1) D:4

Altars:
Ashenzari
Cheibriados
Dithmenos
Elyvilon
Fedhas
Gozag
Hepliaklqana
Kikubaaqudgha
Nemelex Xobeh
Okawaru
Qazlal
Ru
Trog
Uskayaw
Vehumet
Wu Jian
Xom
Yredelemnul
Zin
The Shining One

Shops:
D:1 !


Innate Abilities, Weirdness & Mutations

You have razor-sharp teeth.
Your natural rate of healing is unusually fast.
When hurt, damage is shared between your health and your magic reserves.
Your bite disrupts and absorbs the magic of your enemies.
Potions cannot restore your health.


Message History

The ogre resists with some effort.
The centaur shouts!
Unknown command.
The ogre hits you with a +0 giant club!!
Casting: Ensorcelled Hibernation (safe; 6% risk of failure)
Confirm with . or Enter, or press ? or * to list all spells.
Your hands begin to glow red.
You hit the ogre but do no damage. Your bite misses the ogre.
The ogre hits you with a +0 giant club!
Unknown command.
You hit the ogre but do no damage.
The ogre appears confused.
Your bite misses the ogre.
Unknown command.
Unknown command.
You hit the ogre but do no damage. You bite the ogre. You drain its power.
You feel invigorated.
The ogre is lightly wounded.
Unknown command.
Okay, then.
Aiming: Iceblast
Press: ? - help, Shift-Dir - straight line, f/p - ogre
Aim: an ogre, wielding a +0 giant club (lightly wounded, confused)
The mass of ice explodes!
The iceblast engulfs the ogre!
The ogre is heavily wounded.
The iceblast engulfs the centaur!
The centaur is moderately wounded.
The centaur wields a +0 orcbow of freezing.
It is covered in frost.
The centaur shoots an arrow.
The arrow closely misses you.
The centaur shoots an arrow.
The arrow hits you!
* * * LOW HITPOINT WARNING * * *
The arrow freezes you.
* * * LOW HITPOINT WARNING * * *
Unknown command.
Unknown command.
You fade into invisibility!
The centaur shoots an arrow.
The arrow hits you!
* * * LOW HITPOINT WARNING * * *
The arrow freezes you.
You die...
Your body crumbles into a pile of gold.

.# #..# ##.# #..# ...#
#..# ## #..##### #..# #.
#......###>.###. #c#
#..........
#.########.####.
#.#######.#...###...###.
#......@.c........#..##.
###########...###....##.
##.## ##.#.##.
#.#####.#.##.
#.......#.##.
#########.# #.# #.# #.#


You could see a centaur (unable to see you).

Vanquished Creatures
  Duvessa (D:5)
  A black bear (D:4)
  3 ogres
  A centaur (D:6)
  A scorpion (D:5)
  Dowan (D:5)
  A bombardier beetle (D:5)
  6 hounds
  A jelly (D:5)
  2 orc priests
  Natasha (thrice) (D:4)
  4 iguanas
  5 orc wizards
  7 adders
  3 white imps (D:5)
  4 ribbon worms
  3 dart slugs
  13 orcs
  3 bats
  14 endoplasms
  16 giant cockroaches
  7 goblins
  5 hobgoblins
  9 jackals
  8 kobolds
  3 quokkas
  6 ball pythons
  2 frilled lizards
  5 rats
138 creatures vanquished.

Vanquished Creatures (others)
  An orc (D:5)
1 creature vanquished.

Grand Total: 139 creatures vanquished

Notes
Turn   | Place    | Note
-------+----------+-------------------------------------------
     0 | D:1      | zenocrate the Vine Stalker Enchanter began the quest for
                  | the Orb.
     0 | D:1      | Reached XP level 1. HP: 9/9 MP: 4/4
     4 | D:1      | Found Riar's Distillery.
    19 | D:1      | Reached skill level 1 in Short Blades
    68 | D:1      | Reached XP level 2. HP: 13/13 MP: 6/6
   123 | D:1      | Learned a level 2 spell: Ensorcelled Hibernation
   208 | D:1      | Reached skill level 4 in Stealth
   335 | D:1      | Reached XP level 3. HP: 16/16 MP: 7/7
   875 | D:1      | Found a faded altar of an unknown god.
   886 | D:1      | Learned a level 3 spell: Confusing Touch
  1193 | D:2      | Reached XP level 4. HP: 21/21 MP: 2/8
  1259 | D:2      | Reached skill level 1 in Ice Magic
  2308 | D:3      | Reached skill level 1 in Fighting
  2317 | D:3      | Reached XP level 5. HP: 20/25 MP: 9/9
  2412 | D:3      | Learned a level 3 spell: Tukima's Dance
  2684 | D:4      | Noticed a black bear
  2695 | D:4      | Killed a black bear
  2696 | D:4      | Reached XP level 6. HP: 17/30 MP: 3/10
  2819 | D:4      | Noticed Natasha
  2826 | D:4      | Killed Natasha
  2827 | D:4      | Reached skill level 5 in Stealth
  2991 | D:4      | Found a staircase to the Ecumenical Temple.
  3007 | Temple   | Entered the Ecumenical Temple
  3014 | D:4      | Identified the +10 flail "Jonyan" {heavy, ^Contam +Blink
                  | rPois Str+5}
  3168 | D:4      | Found a sparkling altar of Nemelex Xobeh.
  3168 | D:4      | Found a shadowy altar of Dithmenos.
  3177 | D:4      | Found a glowing silver altar of Zin.
  3181 | D:4      | Found an opulent altar of Gozag.
  3183 | D:4      | Found a bloodstained altar of Trog.
  3339 | D:4      | Became a worshipper of Gozag Ym Sagoz the Greedy
  3547 | D:4      | Reached XP level 7. HP: 32/33 MP: 7/11
  3591 | D:4      | You fall into a shaft and drop 2 floors!
  3624 | D:6      | Identified the +8 dagger "Notidu" {heavy, Int+4 Dex+2}
  3647 | D:5      | Entered Level 5 of the Dungeon
  4204 | D:5      | Noticed Duvessa
  4207 | D:5      | Reached skill level 5 in Hexes
  4221 | D:5      | Killed Duvessa
  4222 | D:5      | Reached skill level 6 in Stealth
  4222 | D:5      | Gained mutation: You have razor-sharp teeth. [Vine Stalker
                  | growth]
  4222 | D:5      | Reached XP level 8. HP: 18/37 MP: 3/12
  4291 | D:5      | Noticed Dowan
  4295 | D:5      | Killed Dowan
  5263 | D:4      | Noticed Natasha
  5267 | D:4      | Killed Natasha
  5715 | D:4      | Noticed Natasha
  5722 | D:4      | Killed Natasha
  5834 | D:6      | Reached skill level 7 in Stealth
  5939 | D:6      | Shot with an arrow by a centaur

Illustrated notes

Levels and vault maps discovered:
D:1:      minmay_arrival_checkered_box, layout_basic,
          shapermc_ecumenical_altar_petra, serial_shops,
          nicolae_shop_industrial_runoff
D:2:      minmay_roachtagon, layout_basic, dreamdust_mushroom_princess
D:3:      layout_rooms
D:4:      layout_loops_ring, chequers_temple_overflow_minitemple,
          minmay_temple_entry_junction_2, minmay_misc_feat_doors,
          minmay_distorted, uniq_natasha
D:5:      layout_rooms, serial_co_window_serial, co_window_paths_a,
          co_window_of_opportunity_a, co_window_corner_a, co_window_corner_a,
          co_window_of_opportunity_a, co_window_paths_b,
          co_window_of_opportunity_a, co_window_corner_a,
          co_window_of_opportunity_a, co_window_corner_b, co_window_2corner,
          co_window_2corner, co_window_4corner_a, glass_columns_a,
          glass_columns_b, glass_columns_b, minmay_misc_feat_square,
          grunt_decor_cap, abandoned_shop, kennysheep_generic_room_6,
          uniq_duvessa
D:6:      layout_loops_ring
Temple:   hellmonk_temple_of_storms

Skill      XL: |  1  2  3  4  5  6  7  8 |
---------------+-------------------------+-----
Short Blades   | 1 2 3 4 |  4.1
Stealth        | 4 5 6 7 |  7.1
Dodging        | 2 3 4 |  4.0
Ice Magic      | 1 3 |  3.0
Fighting       | 1 |  1.4
Hexes          | 4 5 6 |  6.4
Spellcasting   | |  2.1

Action                     |  1- 3 |  4- 6 |  7- 9 || total
---------------------------+-------+-------+-------++-------
  Melee: Dagger            |    93 |    71 |       ||   164
         Bite              |    13 |    34 |    16 ||    63
         Punch             |     1 |     1 |       ||     2
         Short sword       |       |   102 |    83 ||   185
   Cast: Ensorcelled Hiber |     8 |    28 |    41 ||    77
         Confusing Touch   |       |       |     4 ||     4
 Invoke: Potion Petition   |       |       |     1 ||     1
  Evoke: Wand              |       |       |     1 ||     1
    Use: Scroll            |     3 |     2 |     4 ||     9
         Potion            |       |       |     1 ||     1
   Stab: Sleeping          |    17 |    24 |    22 ||    63
         Distracted        |     1 |       |     1 ||     2
         Confused          |       |       |     1 ||     1
 Armour: Robe              |    35 |    75 |    23 ||   133
         Leather armour    |       |       |    18 ||    18
  Dodge: Dodged            |    42 |   105 |    35 ||   182

Table legend: (Time is in decaauts)
 A = Elapsed time spent in this place.
 B = Non-inter-level travel time spent in this place.
 C = Inter-level travel time spent in this place.
 D = Time resting spent in this place.
 E = Time spent auto-exploring this place.
 F = Levels seen in this place.
 G = Mean time per level.
                   A        B        C        D        E       F      G
               +--------+--------+--------+--------+--------+-----+--------+
         Total |   5881 |   5613 |    268 |    154 |   4416 |   7 |  840.1 |
       Dungeon |   5879 |   5611 |    268 |    154 |   4416 |   6 |  979.8 |
        Temple |      1 |      1 |      0 |      0 |      0 |   1 |    1.0 |
               +--------+--------+--------+--------+--------+-----+--------+

Top non-repeatable levels by time:
     D:5: 1614 daAuts
     D:4: 1557 daAuts
     D:2: 1086 daAuts
     D:1: 947 daAuts
     D:3: 509 daAuts
     D:6: 163 daAuts
  Temple: 1 daAuts
